 Dungeon Crawl Stone Soup version 0.31.0-32-g396128a36d (webtiles) character file.

Game seed: 13460614019131268313

1252 Fractals the Trooper (level 8, -2/64 HPs)
             Began as a Demonspawn Gladiator on Apr 4, 2024.
             Was a Believer of Cheibriados.
             Killed from afar by an electric eel (3 damage)
             ... with a bolt of electricity
             ... on level 6 of the Dungeon.
             The game lasted 00:14:23 (4232 turns).

Fractals the Trooper (Demonspawn Gladiator)         Turns: 4232, Time: 00:14:23

Health: -2/64      AC: 10    Str: 18    XL:     8   Next: 26%
Magic:  11/11      EV: 27    Int: 20    God:    Cheibriados [**....]
Gold:   259        SH:  9    Dex: 20    Spells: 7/7 levels left

rFire   . . .        z - +0 falchion (protect)
rCold   . . .        E - +0 buckler
rNeg    . . .        D - +1 ring mail
rPois   +            c - +0 helmet
rElec   .            (no cloak)
rCorr   .            f - +0 pair of gloves
SInv    +            b - +0 pair of boots
Will    .....        u - amulet "Onisum" {Acrobat rPois SInv}
Stlth   ++           x - +6 ring of intelligence
HPRegen 0.30/turn    (no ring)
MPRegen 0.12/turn

%: acrobat
@: acrobatic, very slow
A: powered by death 1, condensation shield, demonic touch 2
a: Renounce Religion, Bend Time


You were on level 6 of the Dungeon.
You worshipped Cheibriados.
Cheibriados was pleased with you.
You visited 2 branches of the dungeon, and saw 7 of its levels.

You collected 279 gold pieces.
You spent 20 gold pieces at shops.

Inventory:

Hand Weapons
 a - a +0 rapier
 z - a +0 falchion of protection (weapon)
Missiles
 d - 3 throwing nets
 e - a javelin (quivered)
 s - 3 boomerangs
 C - 2 poisoned darts
Armour
 b - a +0 pair of boots (worn)
 c - a +0 helmet (worn)
 f - a +0 pair of gloves (worn)
 D - a +1 ring mail (worn)
 E - a +0 buckler (worn)
Jewellery
 u - the amulet "Onisum" (around neck) {Acrobat rPois SInv}
   (You found it on level 3 of the Dungeon)

   [amulet of the acrobat]

   Acrobat:   It increases your evasion while moving and waiting.
   rPois:     It protects you from poison SInv: It lets you see invisible.
 x - a +6 ring of intelligence (left hand)
 y - an amulet of reflection
Wands
 o - a wand of paralysis (14)
Scrolls
 g - a scroll of fog
 h - a scroll of enchant armour
 m - a scroll of noise {unknown}
 p - a scroll of fear {unknown}
 q - 3 scrolls of teleportation
 r - a scroll of vulnerability {unknown}
 t - a scroll of revelation {unknown}
 A - a scroll of blinking {unknown}
Potions
 i - 2 potions of berserk rage
 j - a potion of haste {unknown}
 k - a potion of might
 l - 2 potions of magic
 n - 2 potions of brilliance
 v - a potion of heal wounds {unknown}
 w - a potion of ambrosia
 B - a potion of curing {unknown}


   Skills:
 - Level 6.0 Fighting
 - Level 4.0(4.1) Short Blades
 + Level 1.3(2.8) Long Blades
 - Level 2.0 Throwing
 + Level 3.4 Armour
 - Level 3.0 Dodging
 - Level 4.0 Stealth
 - Level 5.0 Invocations


You had 7 spell levels left.
You didn't know any spells.
Your spell library contained the following spells:

 Spells                   Type           Power      Damage    Failure   Level
 Ensorcelled Hibernation  Hex/Ice        0%         N/A       54%         2
 Fugue of the Fallen      Necr           0%         N/A       78%         3
 Anguish                  Hex/Necr       0%         N/A       99%         4


Dungeon Overview and Level Annotations

Branches:
Dungeon (6/15)             Temple (1/1) D:4

Altars:
Ashenzari
Cheibriados
Dithmenos
Fedhas
Kikubaaqudgha
Makhleb
Nemelex Xobeh
Okawaru
Ru
Sif Muna
Trog
Uskayaw
Vehumet
Wu Jian
Xom
Yredelemnul

Shops:
D:3 *   D:5 [


Innate Abilities, Weirdness & Mutations

You regenerate a little health from kills.
A meltable shield of frost defends you. (SH +4)
Your touch may inflict irresistible damage on your foes.


Message History

The electric eel shoots out a bolt of lightning at you!
The bolt of electricity hits the adder!
The bolt of electricity hits you!
* * * LOW HITPOINT WARNING * * *
The adder completely misses you.
The electric eel shoots out a bolt of lightning at you!
The bolt of electricity hits the electric eel.
The electric eel completely resists.
The bolt of electricity hits the adder!
The adder dies!
The bolt of electricity misses you.
An electric eel comes into view.
The electric eel shoots out a bolt of lightning at you!
The bolt of electricity hits the plant!
The plant begins to die.
The bolt of electricity misses you.
The electric eel shoots out a bolt of lightning at you!
The bolt of electricity hits you.
* * * LOW HITPOINT WARNING * * *
The electric eel shoots out a bolt of lightning at you!
The bolt of electricity hits the plant.
The bolt of electricity misses you.
The electric eel shoots out a bolt of lightning at you!
The bolt of electricity hits the plant!
The bolt of electricity misses you.
The electric eel shoots out a bolt of lightning at you!
The bolt of electricity hits the plant!
The bolt of electricity misses you.
The electric eel shoots out a bolt of lightning at you!
The bolt of electricity misses you.
The electric eel shoots out a bolt of lightning at you!
The bolt of electricity hits the plant!
The bolt of electricity hits the electric eel.
The electric eel completely resists.
The bolt of electricity hits you.
* * * LOW HITPOINT WARNING * * *
The electric eel shoots out a bolt of lightning at you!
The bolt of electricity misses you.
A nearby plant withers and dies.
The electric eel shoots out a bolt of lightning at you!
The bolt of electricity hits you.
* * * LOW HITPOINT WARNING * * *
The bolt of electricity hits you!
* * * LOW HITPOINT WARNING * * *
The electric eel shoots out a bolt of lightning at you!
The bolt of electricity hits you.
You die...

# ##. #.. #.#
#.######
##.#~♣~~♣##
##.@~~~~~~~#
#..~~~S~~†♣♣
#..~~~~P~S~~~~
#$.............
#..~~P~~~~~~~S≈~
####~~~~P~P~~~~≈
##~~~~~~♣~~~P
##♣~♣~~###♣♣
#####


You could see 2 electric eels.

Vanquished Creatures
  Grinder (D:4)
  A wraith (D:6)
  An ogre (D:6)
  A centaur (D:5)
  A phantom (D:5)
  3 scorpions
  An electric eel (D:6)
  A vampire bat (D:3)
  2 hounds (D:4)
  A jelly (D:5)
  An orc priest (D:6)
  A sleepcap (D:5)
  2 iguanas
  2 orc wizards
  4 gnolls (D:4)
  5 adders
  A dart slug (D:1)
  11 orcs
  2 bat skeletons (D:3)
  3 bat zombies (D:3)
  6 endoplasms
  2 giant cockroaches
  3 goblins
  9 hobgoblins
  7 jackals (D:4)
  6 kobolds
  5 quokkas
  4 ball pythons
  5 bats
  4 frilled lizards
  8 rats
104 creatures vanquished.

Vanquished Creatures (others)
  2 adders (D:6)
  An orc (D:6)
3 creatures vanquished.

Grand Total: 107 creatures vanquished

Notes
Turn   | Place    | Note
-------+----------+-------------------------------------------
     0 | D:1      | Fractals the Demonspawn Gladiator began the quest for the
                  | Orb.
     0 | D:1      | Reached XP level 1. HP: 16/16 MP: 1/1
    70 | D:1      | Found a faded altar of an unknown god.
   253 | D:1      | Gained mutation: Your touch may inflict minor irresistible
                  | damage on your foes. [demonic ancestry]
   253 | D:1      | Reached XP level 2. HP: 22/22 MP: 2/2
   484 | D:1      | Reached skill level 1 in Stealth
   941 | D:2      | Reached skill level 3 in Fighting
   941 | D:2      | Gained mutation: You regenerate a little health from kills.
                  | [demonic ancestry]
   941 | D:2      | Reached XP level 3. HP: 29/29 MP: 3/3
  1099 | D:2      | Gained mutation: A meltable shield of frost defends you.
                  | (SH +4) [demonic ancestry]
  1099 | D:2      | Reached XP level 4. HP: 29/35 MP: 4/4
  1661 | D:3      | Found an ancient bone altar of Kikubaaqudgha.
  2045 | D:3      | Reached XP level 5. HP: 41/41 MP: 5/5
  2275 | D:3      | Identified the amulet "Onisum" {Acrobat rPois SInv}
  2296 | D:3      | Found Budet's General Store.
  2300 | D:3      | Bought a scroll of identify for 20 gold pieces
  2444 | D:4      | Noticed Grinder
  2450 | D:4      | Killed Grinder
  2451 | D:4      | Reached skill level 5 in Fighting
  2451 | D:4      | Reached XP level 6. HP: 35/51 MP: 6/6
  2653 | D:4      | Found a staircase to the Ecumenical Temple.
  2665 | Temple   | Entered the Ecumenical Temple
  2680 | Temple   | Became a worshipper of Cheibriados the Contemplative
  3050 | D:4      | Reached skill level 1 in Armour
  3136 | D:4      | Reached * piety under Cheibriados
  3232 | D:5      | Entered Level 5 of the Dungeon
  3314 | D:5      | Gained mutation: Your touch may inflict irresistible damage
                  | on your foes. [demonic ancestry]
  3314 | D:5      | Reached XP level 7. HP: 29/56 MP: 7/7
  3458 | D:5      | Found a sacrificial altar of Ru.
  3458 | D:5      | Found a broken altar of Ashenzari.
  3470 | D:5      | Reached skill level 1 in Invocations
  3594 | D:5      | Found an iron altar of Okawaru.
  3729 | D:5      | Found Eshrowki's Armour Shoppe.
  4061 | D:6      | Found a burning altar of Makhleb.
  4087 | D:6      | Noticed a wraith
  4098 | D:6      | Reached XP level 8. HP: 46/64 MP: 11/11
  4101 | D:6      | Reached ** piety under Cheibriados
  4102 | D:6      | Reached skill level 6 in Fighting
  4102 | D:6      | Reached skill level 5 in Invocations
  4221 | D:6      | Reached skill level 1 in Long Blades
  4232 | D:6      | HP: 1/64 [electric eel/bolt of electricity (8)]
  4232 | D:6      | Killed from afar by an electric eel

Illustrated notes

Levels and vault maps discovered:
D:1:      spicycebolla_arrival_xxxplode, layout_loops_corners,
          shapermc_ecumenical_altar_pompeii
D:2:      layout_loops_ring
D:3:      layout_basic, kennysheep_vampire_church, serial_shops, shop
D:4:      layout_loops_ring, minmay_temple_entry_hall, uniq_grinder
D:5:      layout_basic, grunt_temple_overflow_open,
          mainiacjoe_overflow_surrounded_room, serial_shops,
          nicolae_shop_tiny_waterfront
D:6:      layout_basic, kennysheep_little_box, serial_bayou,
          serial_bayou_ford_a, serial_bayou_crossing, serial_bayou_lagoon_b,
          serial_bayou_pond_d, nicolae_twisty_statue_hallways
Temple:   nicolae_temple_ecumenical_triangle

Skill      XL: |  1  2  3  4  5  6  7  8 |
---------------+-------------------------+-----
Stealth        | 2 3 4 |  4.0
Short Blades   | 3 4 |  4.0
Fighting       | 3 5 6 |  6.0
Throwing       | 2 |  2.0
Dodging        | 3 |  3.0
Armour         | 2 3 |  3.4
Invocations    | 4 5 |  5.0
Long Blades    | 1 |  1.3

Action                     |  1- 3 |  4- 6 |  7- 9 || total
---------------------------+-------+-------+-------++-------
  Melee: Rapier            |    74 |    58 |       ||   132
         Touch             |     8 |    26 |    17 ||    51
         Punch             |     1 |       |       ||     1
         Falchion          |       |    66 |    71 ||   137
  Throw: Javelin           |     3 |       |       ||     3
  Evoke: Wand              |       |     1 |       ||     1
    Use: Scroll            |       |     4 |     5 ||     9
         Potion            |       |     1 |     2 ||     3
   Stab: Sleeping          |     4 |     7 |     1 ||    12
         Paralysed         |       |     2 |       ||     2
         Distracted        |       |     1 |       ||     1
 Armour: Leather armour    |    26 |    76 |       ||   102
         Ring mail         |       |    34 |    73 ||   107
  Dodge: Dodged            |    50 |   120 |    70 ||   240
  Block: Other             |       |    21 |    14 ||    35
         Buckler           |       |       |     2 ||     2
